 Dungeon Crawl Stone Soup version 0.30-a0-123-g91d0c66ccf (webtiles) character file.

Game seed: 10554452704133118878

30 porpoise the Shooter (level 3, -2/21 HPs)
             Began as a Kobold Hexslinger on Sept 17, 2022.
             Slain by a goblin
             ... wielding a +0 club
              (3 damage)
             ... on level 1 of the Dungeon.
             The game lasted 00:03:26 (1081 turns).

porpoise the Shooter (Kobold Hexslinger)            Turns: 1081, Time: 00:03:26

Health: -2/21      AC:  2    Str:  7    XL:     3   Next: 37%
Magic:  4/4        EV: 15    Int: 14    God:
Gold:   29         SH:  0    Dex: 17    Spells: 3/4 levels left

rFire   . . .      SeeInvis .    a - +1 sling
rCold   . . .      Faith    .    (no shield)
rNeg    . . .      Spirit   .    c - +0 robe
rPois   .          Reflect  .    (no helmet)
rElec   .          Harm     .    (no cloak)
rCorr   .          Rampage  .    (no gloves)
Will    .....                    (no boots)
Stlth   +++.......               (no amulet)
HPRegen 0.07/turn                (no ring)
MPRegen 0.09/turn                (no ring)

@: no status effects
A: small, no large weapons, nightstalker 3
a: no special abilities


You were on level 1 of the Dungeon.
You visited 1 branch of the dungeon, and saw 2 of its levels.

You collected 29 gold pieces.

Inventory:

Hand Weapons
 a - a +1 sling (weapon)
 b - a +0 dagger
Armour
 c - a +0 robe (worn)
Magical Staves
 g - a staff of fire
Scrolls
 e - a scroll of poison
 h - 2 scrolls of identify {unknown}
Potions
 d - 2 potions of haste {unknown}
 f - a potion of lignification {unknown}
 i - a potion of heal wounds {unknown}


   Skills:
 + Level 1.8 Fighting
 * Level 3.9 Ranged Weapons
 - Level 2.4 Dodging
 + Level 1.8 Stealth
 - Level 1.1 Spellcasting
 - Level 3.0 Hexes


You had 3 spell levels left.
You knew the following spells:

 Your Spells              Type           Power      Damage    Failure   Level
a - Slow                  Hex            36%        N/A       8%          1

Your spell library contained the following spells:

 Spells                   Type           Power      Damage    Failure   Level
 Inner Flame              Hex/Fire       4%         N/A       38%         3
 Portal Projectile        Hex/Tloc       8%         N/A       38%         3
 Cause Fear               Hex            4%         N/A       58%         4


Dungeon Overview and Level Annotations

Branches:
Dungeon (2/15)

Altars:


Innate Abilities, Weirdness & Mutations

You are small and have problems with some larger weapons.
You are completely attuned to the shadows.


Message History

The worm barely misses you.
The goblin unwields a +0 sling.
The goblin wields a +0 club.
The goblin hits you but does no damage.
You climb upwards.
There is a stone staircase leading down here.
You shoot a sling bullet.
The sling bullet barely misses the worm.
The goblin completely misses you. The worm bites you!
The goblin hits you but does no damage.
You shoot a sling bullet. The sling bullet hits the worm.
The worm is almost dead.
The goblin closely misses you. The worm bites you!
* * * LOW HITPOINT WARNING * * *
You are too injured to fight recklessly!
Fire: a) +1 sling
Press: ? - help, Q - select action, (/) - cycle Shift-Dir - straight line, f/p - worm
Aim: a worm (almost dead, 78% to hit)
You shoot a sling bullet.
The sling bullet hits the worm but does no damage.
The worm is almost dead.
The goblin hits you with a +0 club.
* * * LOW HITPOINT WARNING * * *
Fire: a) +1 sling
Press: ? - help, Q - select action, (/) - cycle Shift-Dir - straight line, f/p - worm
Aim: a worm (almost dead, 78% to hit)
You shoot a sling bullet. The sling bullet hits the worm.
You kill the worm!
The goblin hits you but does no damage.
Fire: a) +1 sling
Press: ? - help, Q - select action, (/) - cycle Shift-Dir - straight line, f - goblin
Aim: a goblin, wielding a +0 club (51% to hit)
You shoot a sling bullet. The sling bullet misses the goblin.
The goblin barely misses you.
Unknown command.
Fire: a) +1 sling
Press: ? - help, Q - select action, (/) - cycle Shift-Dir - straight line, f/p - goblin
Aim: a goblin, wielding a +0 club (51% to hit)
You shoot a sling bullet.
The sling bullet barely misses the goblin.
The goblin barely misses you. The goblin hits you with a +0 club.
You die...

##.....P♣##~~.~≈≈~~
#...PP..##≈...~~≈.
###..♣..###≈~...~..
#.........#≈~~.....
#...#..##.#≈≈.~....
#...#..##.#≈≈~.....
#.........#≈≈~≈~..~
#..g.###..#≈≈≈≈≈~~≈
#.@.......#########
#.†.####.....(.....
#...# #......#####
#...# #......#
#...# ##.#####
##### #.#########
######.........#
#.......######..
#.......#######.


You could see a goblin.

Vanquished Creatures
  A worm (D:1)
  2 dart slugs (D:1)
  2 bats (D:1)
  2 endoplasms (D:1)
  3 giant cockroaches (D:1)
  A goblin (D:1)
  3 hobgoblins (D:1)
  4 ball pythons (D:1)
  2 kobolds (D:1)
  2 rats (D:1)
22 creatures vanquished.

Notes
Turn   | Place    | Note
-------+----------+-------------------------------------------
     0 | D:1      | porpoise the Kobold Hexslinger began the quest for the Orb.
     0 | D:1      | Reached XP level 1. HP: 12/12 MP: 2/2
    64 | D:1      | Reached XP level 2. HP: 16/16 MP: 3/3
    71 | D:1      | Reached skill level 1 in Stealth
   556 | D:1      | Found a faded altar of an unknown god.
   739 | D:1      | Reached XP level 3. HP: 21/21 MP: 4/4
  1078 | D:1      | HP: 1/21 [goblin/+0 club (3)]
  1081 | D:1      | Slain by a goblin

Illustrated notes

Levels and vault maps discovered:
D:1:      dpeg_arrival_more_subterranean_lakeside_camping, layout_rooms,
          ebering_ecumenical_altar_petrified
D:2:      layout_loops_cross, uniq_terence

Skill      XL: |  1  2 |
---------------+-------+-----
Ranged Weapons | 3 |  3.9
Stealth        | 1 |  1.8
Fighting       | |  1.8
Dodging        | |  2.4
Spellcasting   | |  1.1
Hexes          | |  3.0

Action                   || total
-------------------------++-------
 Fire: Sling             ||    64
 Cast: Slow              ||     2
Armor: Robe              ||     6
Dodge: Dodged            ||    48

Table legend: (Time is in decaauts)
 A = Elapsed time spent in this place.
 B = Non-inter-level travel time spent in this place.
 C = Inter-level travel time spent in this place.
 D = Time resting spent in this place.
 E = Time spent auto-exploring this place.
 F = Levels seen in this place.
 G = Mean time per level.
                   A        B        C        D        E       F      G
               +--------+--------+--------+--------+--------+-----+--------+
         Total |   1097 |   1045 |     52 |    443 |    454 |   2 |  548.5 |
       Dungeon |   1097 |   1045 |     52 |    443 |    454 |   2 |  548.5 |
               +--------+--------+--------+--------+--------+-----+--------+

Top non-repeatable levels by time:
     D:1: 1072 daAuts
     D:2: 24 daAuts
